 Seeded DCSS version 0.29-a0-617-g7a6b98fccd (webtiles) character file.

Game seed: 6323877926122371152 (custom seed)

8 oldmanjim the Ruffian (level 2, 28/28 HPs)
             Began as an Ogre Transmuter on June 17, 2022.
             Was a Follower of Makhleb.
             Quit the game on level 1 of the Dungeon.
             The game lasted 00:03:53 (576 turns).

oldmanjim the Ruffian (Ogre Transmuter)              Turns: 576, Time: 00:03:54

Health: 28/28      AC:  3    Str: 13    XL:     2   Next: 8%
Magic:  5/5        EV:  9    Int: 14    God:    Makhleb [*.....]
Gold:   25         SH:  0    Dex:  9    Spells: 5/6 levels left

rFire   . . .      SeeInvis .     - Unarmed
rCold   . . .      Faith    .   (no shield)
rNeg    . . .      Spirit   .   a - +0 robe
rPois   .          Reflect  .   (helmet currently unavailable)
rElec   .          Harm     .   (no cloak)
rCorr   .          Rampage  .   (gloves unavailable)
Will    .....                   (boots unavailable)
Stlth   +.........              (no amulet)
HPRegen 0.09/turn               (no ring)
MPRegen 0.09/turn               (no ring)

@: appendages (expiring)
A: horns 2, talons 2, large, unfitting armour, tough skin 1
a: End Transformation, Renounce Religion


You were on level 1 of the Dungeon.
You worshipped Makhleb.
Makhleb was aware of your devotion.
You had temporarily grown beastly horns and talons.
You visited 1 branch of the dungeon, and saw 1 of its levels.

You collected 25 gold pieces.

Inventory:

Missiles
 f - a stone (quivered)
Armour
 a - a +0 robe (worn)
 g - an orb of energy
Magical Staves
 e - a staff of cold
Jewellery
 j - a ring of ice
Scrolls
 c - a scroll of identify {unknown}
 d - a scroll of noise {unknown}
Potions
 b - a potion of lignification
 h - a potion of degeneration {unknown}
 i - a potion of cancellation {unknown}


   Skills:
 + Level 1.7 Fighting
 - Level 1.7 Dodging
 + Level 2.8 Unarmed Combat
 * Level 2.8 Spellcasting
 + Level 1.9 Transmutations


You had 5 spell levels left.
You knew the following spells:

 Your Spells              Type           Power      Damage    Failure   Level
a - Beastly Appendage     Tmut           14%        N/A       10%         1

Your spell library contained the following spells:

 Spells                   Type           Power      Damage    Failure   Level
 Wereblood                Tmut           7%         N/A       16%         2
 Slow                     Hex            4%         N/A       22%         1
 Spider Form              Tmut/Pois      4%         N/A       41%         3
 Confusing Touch          Hex            1%         N/A       54%         3
 Vampiric Draining        Necr           1%         2d6       54%         3
 Ice Form                 Ice/Tmut       4%         N/A       82%         4


Dungeon Overview and Level Annotations

Branches:
Dungeon (1/15)

Altars:
Makhleb


Innate Abilities, Weirdness & Mutations

You have temporarily grown beastly horns and talons.
You are too large for most types of armour.
You have tough skin. (AC +1)


Message History

The frilled lizard is heavily wounded.
The frilled lizard closely misses you.
You hit the frilled lizard.
The frilled lizard is heavily wounded.
The frilled lizard bites you.
You hit the frilled lizard.
You kill the frilled lizard!
You have reached level 2!
Your transformation is almost over.
Your horns disappear.
Your talons disappear.
Found an escape hatch in the floor.
There is an escape hatch in the floor here.
j - a ring of ice A hobgoblin comes into view.
The hobgoblin shouts!
Casting: Beastly Appendage (safe; 10% risk of failure)
Confirm with . or Enter, or press ? or * to list all spells.
You grow a pair of large bovine horns.
Your feet morph into talons.
The hobgoblin hits you but does no damage.
The hobgoblin hits you but does no damage.
You hit the hobgoblin but do no damage. You headbutt the hobgoblin.
You punch the hobgoblin.
The hobgoblin is almost dead.
The hobgoblin barely misses you.
You hit the hobgoblin.
You kill the hobgoblin!
You see here a hobgoblin corpse.
You open the huge gate.
Found a faded altar of an unknown god.
Found a stone staircase leading down.
There is a huge open gate here.
There is a huge open gate here.
Found a runed iron ring.
There is a faded altar of an unknown god here.
You cannot tell which god this altar belongs to.
Convert to them anyway?
Makhleb accepts your prayer! Makhleb welcomes you!
You can now gain health from killing.
Your transformation is almost over.
You can't repeat altar actions.
Are you sure you want to abandon this character and quit the game? (Confirm with "yes".)

.......# .#.###.# #. .=
#....#.# #. #. .# .....#.#
#.####.###.###
####.#.###......>.....
#.†..............#
#.#.######.'''''### #....##
#.'''''..###
####.#.#.####.''@''.....
..............'''''..##.
.......#.####.'''''###
........## #.#....# #.
.......######.#†##.# #.
#.....##........##.####.#
#.....##.####...........#
#.....>.................#####
##...##.#########...###...))##


There were no monsters in sight!

Vanquished Creatures
  An endoplasm (D:1)
  2 giant cockroaches (D:1)
  A hobgoblin (D:1)
  2 frilled lizards (D:1)
  2 kobolds (D:1)
8 creatures vanquished.

Notes
Turn   | Place    | Note
-------+----------+-------------------------------------------
     0 | D:1      | oldmanjim the Ogre Transmuter began the quest for the Orb.
     0 | D:1      | Reached XP level 1. HP: 19/19 MP: 3/3
   480 | D:1      | Reached XP level 2. HP: 26/28 MP: 3/5
   571 | D:1      | Found a faded altar of an unknown god.
   575 | D:1      | Prayed at the altar of an unknown god.
   575 | D:1      | Became a worshipper of Makhleb the Destroyer
   575 | D:1      | Reached * piety under Makhleb
   576 | D:1      | Quit the game

Illustrated notes

Levels and vault maps discovered:
D:1:      dpeg_arrival_more_subterranean_lakeside_camping, layout_loops_ring,
          hellmonk_ecumenical_altar_heavens_door, minmay_hedge_maze,
          minivault_14, kennysheep_doodads, minmay_heptomino_h4

Action                   || total
-------------------------++-------
Melee: Unarmed           ||    18
       Kick              ||     3
       Headbutt          ||     3
       Punch             ||     2
 Cast: Beastly Appendage ||     7
Armor: Robe              ||     9
Dodge: Dodged            ||     6

Table legend: (Time is in decaauts)
 A = Elapsed time spent in this place.
 B = Non-inter-level travel time spent in this place.
 C = Inter-level travel time spent in this place.
 D = Time resting spent in this place.
 E = Time spent auto-exploring this place.
 F = Levels seen in this place.
 G = Mean time per level.
                   A        B        C        D        E       F      G
               +--------+--------+--------+--------+--------+-----+--------+
         Total |    575 |    575 |      0 |      0 |    495 |   1 |  575.0 |
       Dungeon |    575 |    575 |      0 |      0 |    495 |   1 |  575.0 |
               +--------+--------+--------+--------+--------+-----+--------+

Top non-repeatable levels by time:
     D:1: 575 daAuts
